 Dungeon Crawl Stone Soup version 0.22-a0-157-g169b76a (webtiles) character file.

73 MatthieuS the Sneak (level 4, 0/27 HPs)
             Began as a Tengu Wanderer on Feb 8, 2018.
             Killed from afar by Robby's ghost (8 damage)
             ... with a magic dart
             ... on level 3 of the Dungeon.
             The game lasted 00:06:06 (2197 turns).

MatthieuS the Sneak (Tengu Wanderer)                Turns: 2197, Time: 00:06:07

Health: 0/27       AC:  4    Str: 12    XL:     4   Next: 27%
Magic:  7/7        EV: 12    Int: 14    God:
Gold:   112        SH:  0    Dex: 13    Spells: 5/5 levels left

rFire    . . .     SeeInvis .   a - +2 quarterstaff
rCold    . . .     Gourm    .   (shield currently unavailable)
rNeg     . . .     Faith    .   o - +0 leather armour
rPois    .         Spirit   .   (helmet restricted)
rElec    .         Reflect  .   q - +0 cloak
rCorr    .         Harm     .   (no gloves)
MR       .....                  (boots unavailable)
Stlth    ++........             (no amulet)
HPRegen  0.09/turn              (no ring)
MPRegen  0.10/turn              (no ring)

@: no status effects
A: beak, talons 3
a: no special abilities


You were on level 3 of the Dungeon.
You were not hungry.

You visited 1 branch of the dungeon, and saw 3 of its levels.

You collected 112 gold pieces.

Inventory:

Hand Weapons
 a - a +2 quarterstaff (weapon)
 b - a +0 spear
 e - a +0 dagger
 w - a +0 hunting sling
Missiles
 h - 48 stones
 j - 2 tomahawks (quivered)
 k - 86 arrows
Armour
 d - a +0 robe
 o - a +0 leather armour (worn)
 q - a +0 cloak (worn)
 s - a scarf of repulsion
Scrolls
 c - a scroll of teleportation
 g - a scroll of fear {unknown}
 l - 3 scrolls of identify {unknown}
 n - a scroll of enchant weapon {unknown}
 p - a scroll of remove curse {unknown}
Potions
 m - a potion of flight {unknown}
Comestibles
 f - 3 rations
 r - a chunk of flesh


   Skills:
 + Level 2.7 Fighting
   Level 2.1 Long Blades
 - Level 2.1 Staves
 - Level 2.0 Throwing
 + Level 1.8 Dodging
 + Level 2.9 Stealth
 + Level 1.4 Spellcasting


You had 5 spell levels left.
You didn't know any spells.

Dungeon Overview and Level Annotations

Branches:
Dungeon (3/15)

Altars:

Annotations:
D:3 Robby's ghost, amateur TeWz


Innate Abilities, Weirdness & Mutations

You have a beak for a mouth.
You have claws for feet.


Message History

The shaft crumbles and collapses.
Robby's ghost gestures at you while chanting.
The magic dart hits you!
Firing (i - inventory. (/) - cycle)
h - 49 stones (quivered)
Press: ? - help, Shift-Dir - straight line, f/p - Robby's ghost
Aim: Robby's ghost (severely damaged)
You shoot a stone. The stone misses Robby's ghost.
Wield which item (- for none, * to show all)? (? for menu, Esc to quit)
a - a +2 quarterstaff (weapon)
You closely miss Robby's ghost. Your kick misses Robby's ghost.
Robby's ghost is severely damaged.
Robby's ghost hits you but does no damage.
Robby's ghost casts a spell at you. The magic dart hits you!
* * * LOW HITPOINT WARNING * * *
You closely miss Robby's ghost. Your kick misses Robby's ghost.
Robby's ghost is severely damaged.
Robby's ghost casts a spell at you. The magic dart hits you!
You die...

^...≈ §(...
§§(..##+###
#(≈...... ^§.....#
#.(...# #.W..#
#..@.# ###....#####
............#
#...........#
#...........#######
#..................
#...........#######
........#+#.....#
#######.# #.###.#


You could see Robby's ghost.

Vanquished Creatures
  2 adders (D:2)
  An ooze (D:1)
  A worm (D:2)
  A dart slug (D:1)
  A leopard gecko (D:1)
  7 goblins
  5 hobgoblins
  3 jackals
  7 kobolds
  4 bats
  4 frilled lizards
  10 rats
46 creatures vanquished.

Notes
Turn   | Place    | Note
-------+----------+-------------------------------------------
     0 | D:1      | MatthieuS the Tengu Wanderer began the quest for the Orb.
     0 | D:1      | MatthieuS set off with: a +2 quarterstaff, a +0 spear, a scroll of teleportation, a +0 robe, a +0 dagger, a ration
     0 | D:1      | Reached XP level 1. HP: 12/12 MP: 2/2
    90 | D:1      | Reached XP level 2. HP: 15/17 MP: 3/3
   171 | D:1      | Reached skill level 1 in Dodging
   363 | D:1      | Reached skill level 1 in Spellcasting
   363 | D:1      | Reached XP level 3. HP: 5/22 MP: 5/5
  1806 | D:2      | Reached XP level 4. HP: 27/27 MP: 7/7
  2186 | D:3      | Noticed Robby's ghost (amateur TeWz)
  2197 | D:3      | Killed from afar by Robby's ghost

Vault maps used:
D:1:      dpeg_arrival_shrine
D:3:      grunt_qazlal_sundering, makhleb_heckhound_becter

Skill      XL: |  1  2 |
---------------+-------+-----
Dodging        | 1 |  1.8
Spellcasting   | 1 |  1.4
Fighting       | |  2.7
Long Blades    | |  2.1
Staves         | |  2.1
Throwing       | |  2.0
Stealth        | |  2.9

Action                   |  1- 3 |  4- 6 || total
-------------------------+-------+-------++-------
Melee: Quarterstaff      |    66 |     2 ||    68
       Peck              |     8 |       ||     8
       Kick              |    11 |       ||    11
 Fire: Hunting sling     |    13 |    29 ||    42
Throw: Tomahawk          |    10 |       ||    10
  Use: Potion            |       |     1 ||     1
 Stab: Sleeping          |     3 |       ||     3
  Eat: Chunk             |     3 |     1 ||     4
Armor: Robe              |     4 |       ||     4
       Leather armour    |    10 |     1 ||    11
Dodge: Dodged            |    33 |     3 ||    36

Table legend:
 A = Spawn XP
 B = Non-spawn XP
 C = Spawn XP percentage of total XP
 D = Spawn monster count
 E = Non-spawn monster count
 F = Spawn count percentage of total count
 G = Total turns spent on level
                    A         B        C        D         E        F      G
               +---------+---------+-------+---------+---------+-------+---------
         Total |       0 |     105 |   0.0 |       0 |      46 |   0.0 |  2197
               +---------+---------+-------+---------+---------+-------+---------
           D:1 |       0 |      49 |   0.0 |       0 |      26 |   0.0 |  1376
           D:2 |       0 |      50 |   0.0 |       0 |      17 |   0.0 |   696
           D:3 |       0 |       6 |   0.0 |       0 |       3 |   0.0 |   125
               +---------+---------+-------+---------+---------+-------+---------
